 Dungeon Crawl Stone Soup version 0.17-a0-2118-g63bad21 (webtiles) character file.

109960 nicanaca0 the Unseen (level 16, -4/91 HPs)
             Began as a Spriggan Enchanter on Oct 15, 2015.
             Was the Champion of Dithmenos.
             Killed from afar by an ogre mage (23 damage)
             ... with a bolt of fire
             ... on level 3 of the Orcish Mines on Oct 20, 2015.
             The game lasted 03:35:54 (35241 turns).

nicanaca0 the Unseen (Spriggan Enchanter)          Turns: 35241, Time: 03:35:54

Health: -4/91      AC:  9    Str:  4    XL:     16   Next: 6%
Magic:  28/38      EV: 34    Int: 26    God:    Dithmenos [******]
Gold:   2109       SH:  0    Dex: 20    Spells: 10 memorised, 4 levels left

rFire  . . .     SeeInvis +     b - +5 dagger (drain)
rCold  + . .     Clarity  .     c - +2 robe {rC+}
rNeg   . . .     SustAt   +     (shield restricted)
rPois  .         Gourm    .     m - +2 hat {Int+3}
rElec  +         Spirit   .     i - +2 cloak
rCorr  .         Warding  .     (gloves unavailable)
rMut   .         Stasis   .     (boots unavailable)
MR     ++...                    D - amulet of regeneration
Stlth  ++++++++++               h - ring of magical power
                                T - ring "Relagopa" {SustAt rElec Dex+3}

@: wreathed by umbra, very quick, very resistant to hostile enchantments,
uncannily stealthy
A: unfitting armour, see invisible, herbivore 3, speed 3, slow metabolism 2
a: Shadow Step, Shadow Form, Renounce Religion


You were on level 3 of the Orcish Mines.
You worshipped Dithmenos.
Dithmenos was exalted by your worship.
You were very full.

You visited 4 branches of the dungeon, and saw 26 of its levels.
You also visited: Ice Cave.

You collected 2181 gold pieces.
You spent 72 gold pieces at shops.

Inventory:

Hand Weapons
 a - a +0 blowgun
 b - a +5 dagger of draining (weapon)
Missiles
 g - 468 stones (quivered)
 l - 3 curare-tipped needles
 s - 54 poisoned needles
Armour
 c - a +2 robe of cold resistance (worn)
 i - a +2 cloak (worn)
 m - a +2 hat of intelligence (worn)
Magical Staves
 p - an uncursed staff of cold
Jewellery
 h - a ring of magical power (right hand)
 t - an uncursed ring of poison resistance
 u - an uncursed ring of protection from fire
 A - an uncursed ring of positive energy
 D - an amulet of regeneration (around neck)
 P - an uncursed ring of stealth
 T - the ring "Relagopa" (left hand) {SustAt rElec Dex+3}
   (You found it on level 13 of the Dungeon)

   [ring of sustain attributes]

   It sustains your strength, intelligence and dexterity.
   It affects your dexterity (+3).
   It insulates you from electricity.
Wands
 q - a wand of hasting (9)
 y - a wand of lightning (1)
 K - a wand of frost (30)
 U - a wand of hasting (2)
 V - a wand of heal wounds (4)
Scrolls
 j - 3 scrolls of fear {unknown}
 k - a scroll of enchant armour
 o - a scroll of recharging
 w - a scroll of summoning
 x - 3 scrolls of magic mapping
 E - a scroll of blinking
 F - a scroll of vulnerability
 I - 8 scrolls of remove curse
 L - 2 scrolls of torment {unknown}
 R - 4 scrolls of amnesia {unknown}
 Z - a scroll of fog
Potions
 e - 4 potions of cancellation
 f - 12 potions of curing
 n - 3 potions of flight
 v - a potion of resistance
 B - 4 potions of berserk rage {unknown}
 H - 2 potions of lignification {unknown}
 J - a potion of cure mutation
 N - 2 potions of brilliance
 S - 3 potions of heal wounds
Miscellaneous
 O - a stone of tremors
Comestibles
 C - 8 fruits


   Skills:
 * Level 13.4 Fighting
 - Level 10.0 Short Blades
 + Level 16.8 Dodging
 + Level 19.2 Stealth
 - Level 8.2 Spellcasting
 - Level 12.6 Hexes


You had 4 spell levels left.
You knew the following spells:

 Your Spells              Type           Power        Failure   Level  Hunger
a - Corona                Hex            ######.      1%          1    None
b - Ensorcelled Hibernat  Hex/Ice        #####.       1%          2    None
c - Confuse               Hex            ######..     1%          3    None
d - Dazzling Spray        Conj/Hex       #####...     1%          3    None
e - Tukima's Dance        Hex            ######..     1%          3    None
f - Sublimation of Blood  Necr           ##........   10%         2    None
g - Slow                  Hex            ######..     1%          2    None
h - Cause Fear            Hex            ######....   1%          4    ##.....
i - Leda's Liquefaction   Hex/Erth       #####.....   6%          4    ##.....
j - Gell's Gravitas       Hex/Tloc       #####.....   1%          3    None


Dungeon Overview and Level Annotations

Branches:
Dungeon (13/15)            Temple (1/1) D:5            Lair (8/8) D:10
 Shoals (0/4) Lair:3       Spider (0/4) Lair:6        Slime (0/6) Lair:6
    Orc (4/4) D:12            Elf (0/3) Orc:4
 Vaults: D:13-14

Altars:
Ashenzari
Cheibriados
Dithmenos
Elyvilon
Fedhas
Gozag
Kikubaaqudgha
Makhleb
Nemelex Xobeh
Okawaru
Qazlal
Ru
Sif Muna
Trog
Vehumet
Xom
Yredelemnul
Zin
The Shining One
Beogh
Jiyva

Shops:
D:4 !   D:5 [   D:13 [   Orc:4 ![

Annotations:
D:7 1 exclusion


Innate Abilities, Weirdness & Mutations

You are tiny and cannot use many weapons and most armour.
You have supernaturally acute eyesight.
You are a herbivore.
You cover ground extremely quickly.
You need consume almost no food.


Message History

You hit the ogre mage. You drain the ogre mage!
The ogre mage is moderately wounded.
Casting: Slow
Confirm with . or Enter, or press ? or * to list all spells.
Aiming: Tukima's Dance
Press: ? - help, Shift-Dir - straight line, f - orc, p - ogre mage
Aim: an orc, wielding a dagger and wearing a leather armour (umbra, chance to defeat MR: 99%)
The ogre mage's hands twitch.
The ogre mage casts a spell at you. The crystal spear hits you!
Ouch! That really hurt!
* * * LOW HITPOINT WARNING * * *
You emit a cloud of dark smoke.
Unknown command.
The orc completely misses you.
You climb upwards.
There is a stone staircase leading down here.
The ogre mage gestures at you while chanting.
The bolt of fire hits you!
You die...

##.#.............## #
###..............#
### ##........###.##
..######.....######
...##.#......#.##
..##.........#..####
..##......#......#.##
.........##.........#
#.........##....@.o##
.........###.....>..#
.........##.......O##
..................##
...#..#..........##
..#####......##.##
.## #......#.## ##
###....### .# #.....#


You could see an ogre mage and an orc.

Vanquished Creatures
  Gastronok (Orc:1)
  Kirke (D:12)
  A tengu reaver (D:13)
  The ghost of wvc the Grappler, a journeyman TrMo of Cheibriados (Lair:3)
  The ghost of Duffy the Severer, a journeyman HOFE of Cheibriados (Lair:5)
  Snorg (Orc:1)
  Fannar (Orc:2)
  Harold (Lair:4)
  Erica (D:10)
  An ogre mage (Orc:4)
  4 hydras
  The ghost of brucemayne the Severer, a novice HOBe of Trog (D:11)
  11 death yaks
  A centaur warrior (D:12)
  A deep troll earth mage (D:13)
  A deep troll shaman (Lair:8)
  2 catoblepae (Lair:8)
  Urug (D:10)
  2 unseen horrors
  3 skeletal warriors (D:12)
  A deep troll (Orc:3)
  A lindwurm (Lair:8)
  An ice statue (Lair:8)
  Pikel (D:5)
  A necromancer (Lair:6)
  5 hill giants
  The ghost of axujen the Grappler, a novice NaTm of Cheibriados (D:6)
  An orc knight (Orc:1)
  2 manticores (D:11)
  A griffon (Lair:6)
  An orc sorcerer (Orc:2)
  14 elephants
  2 cyclopes
  3 ugly things
  6 black mambas
  Maurice (D:10)
  A torpor snail (Lair:8)
  A guardian serpent (shapeshifter) (D:13)
  An eye of devastation (shapeshifter) (D:13)
  13 spiny frogs
  A freezing wraith (Lair:8)
  6 komodo dragons
  10 trolls
  A fire drake (Lair:8)
  3 polar bears
  4 two-headed ogres
  25 blink frogs
  A boulder beetle (Lair:6)
  10 slime creatures
  A spriggan (D:7)
  A trapdoor spider (D:13)
  2 deep elf magi (D:11)
  A vampire (D:13)
  2 wyverns
  59 yaks
  4 hogs (D:12)
  4 basilisks
  A hungry ghost (D:11)
  20 wolves
  10 hippogriffs
  Edmund (D:4)
  A mottled dragon (D:11)
  A soldier ant (D:13)
  6 wargs
  11 orc warriors
  12 water moccasins
  3 black bears
  An eye of draining (D:12)
  11 porcupines
  2 sky beasts (D:9)
  7 ice beasts
  A necrophage (D:9)
  A wasp (D:13)
  4 phantoms
  25 ogres
  2 big kobolds
  2 centaurs
  18 giant frogs
  14 crocodiles
  Blork the orc (D:6)
  4 scorpions
  An electric eel (Lair:4)
  4 wights (D:7)
  A vampire bat (Lair:5)
  5 quasits
  5 crimson imps
  2 centaur zombies
  7 hounds
  A jelly (D:7)
  A giant frog zombie (D:8)
  Ijyb (D:3)
  18 orc wizards
  12 worker ants
  2 centaur skeletons
  3 giant frog skeletons
  9 iguanas
  Natasha (thrice) (D:3)
  21 orc priests
  2 hell rats (D:10)
  16 sheep
  2 yak simulacra (Lair:6)
  6 polar bear simulacra (Lair:6)
  2 wolf simulacra (Lair:6)
  Robin (D:3)
  48 river rats
  9 adders
  8 gnolls (D:10)
  A shadow imp (D:9)
  14 white imps
  An ooze (D:5)
  An adder zombie (D:9)
  3 worms
  4 giant geckos
  146 orcs
  14 hobgoblins
  32 jackals
  7 quokkas
  2 ball pythons
  15 bats
  5 giant cockroaches
  A giant gecko skeleton (D:7)
  6 giant newts
  10 goblins
  10 kobolds
  A quokka zombie (D:7)
  6 rats
  A river rat simulacrum (Lair:6)
  A fungus (Lair:8)
860 creatures vanquished.

Vanquished Creatures (collateral kills)
  A yak (D:12)
  A scorpion (D:12)
  An orc (D:10)
3 creatures vanquished.

Vanquished Creatures (others)
  An ogre (D:5)
  An orc wizard (Orc:2)
  An orc (Orc:2)
  3 butterflies (D:5)
  14 fungi
  15 plants
35 creatures vanquished.

Grand Total: 898 creatures vanquished

Notes
Turn   | Place    | Note
--------------------------------------------------------------
     0 | D:1      | nicanaca0 the Spriggan Enchanter began the quest for the Orb.
     0 | D:1      | Reached XP level 1. HP: 9/9 MP: 5/5
   427 | D:1      | Reached XP level 2. HP: 10/13 MP: 6/6
   647 | D:1      | Learned a level 2 spell: Ensorcelled Hibernation
   659 | D:1      | Upgraded the game from 0.17-a0-2073-gde5cdba to 0.17-a0-2093-gc772f4b
  1628 | D:2      | Reached XP level 3. HP: 16/16 MP: 4/8
  1888 | D:2      | Found a burning altar of Makhleb.
  1920 | D:2      | Learned a level 3 spell: Confuse
  1920 | D:2      | Upgraded the game from 0.17-a0-2093-gc772f4b to 0.17-a0-2109-g117576f
  2501 | D:3      | Noticed an ice beast
  2823 | D:3      | Killed an ice beast
  2823 | D:3      | Reached skill level 6 in Hexes
  2823 | D:3      | Reached XP level 4. HP: 21/21 MP: 5/9
  2823 | D:3      | Reached XP level 5. HP: 24/24 MP: 5/10
  2998 | D:3      | Noticed Natasha
  3008 | D:3      | Noticed Robin
  3241 | D:3      | Killed Natasha
  3428 | D:3      | Noticed Natasha
  3501 | D:3      | Noticed Ijyb
  3558 | D:2      | Reached skill level 5 in Stealth
  3608 | D:3      | Killed Ijyb
  3656 | D:3      | Found a blossoming altar of Fedhas.
  4047 | D:3      | Killed Robin
  4047 | D:3      | Reached XP level 6. HP: 28/28 MP: 5/11
  5728 | D:3      | Killed Natasha
  5728 | D:3      | Reached skill level 7 in Stealth
  6367 | D:4      | Reached skill level 5 in Short Blades
  6367 | D:4      | Reached XP level 7. HP: 25/32 MP: 9/12
  6587 | D:4      | Found a white marble altar of Elyvilon.
  6623 | D:3      | Noticed Natasha
  6682 | D:3      | Killed Natasha
  6682 | D:3      | Reached skill level 8 in Stealth
  7080 | D:4      | Noticed Edmund
  7103 | D:4      | Found a glowing silver altar of Zin.
  7143 | D:4      | Killed Edmund
  7143 | D:4      | Reached skill level 9 in Stealth
  7260 | D:4      | Found Duefamom's Distillery.
  7263 | D:4      | Bought a potion of flight for 36 gold pieces
  7263 | D:4      | Bought a potion of curing for 36 gold pieces
  7422 | D:5      | Entered Level 5 of the Dungeon
  7722 | D:5      | Reached skill level 10 in Stealth
  8064 | D:5      | Found a staircase to the Ecumenical Temple.
  8086 | Temple   | Entered the Ecumenical Temple
  8352 | Temple   | Became a worshipper of Dithmenos the Shadowed
  8692 | D:5      | Noticed Pikel
  8795 | D:5      | Killed Pikel
  8795 | D:5      | Reached XP level 8. HP: 35/39 MP: 13/13
  8876 | D:5      | Reached skill level 5 in Dodging
  9511 | D:5      | Found Etaplede's Armour Boutique.
  9599 | D:6      | Learned a level 3 spell: Dazzling Spray
  9603 | D:6      | Learned a level 3 spell: Tukima's Dance
  9603 | D:6      | Noticed axujen's ghost (novice NaTm)
 10051 | D:6      | Noticed Blork the orc
 10072 | D:6      | Killed axujen's ghost
 10072 | D:6      | Reached XP level 9. HP: 42/44 MP: 8/14
 10411 | D:6      | Found a radiant altar of Vehumet.
 10701 | D:6      | Killed Blork the orc
 10965 | D:6      | Reached * piety under Dithmenos
 11393 | D:7      | Found a shattered altar of Ashenzari.
 11493 | D:7      | Found a bloodstained altar of Trog.
 11876 | D:7      | Reached ** piety under Dithmenos
 11876 | D:7      | Reached skill level 10 in Short Blades
 12409 | D:8      | Found an opulent altar of Gozag.
 12420 | D:8      | Reached XP level 10. HP: 51/51 MP: 15/15
 13014 | D:9      | Found a sparkling altar of Nemelex Xobeh.
 13064 | D:9      | Reached skill level 5 in Fighting
 13640 | D:9      | Reached skill level 5 in Spellcasting
 13683 | D:9      | Reached *** piety under Dithmenos
 14055 | D:9      | Learned a level 2 spell: Sublimation of Blood
 14220 | D:10     | Entered Level 10 of the Dungeon
 14393 | D:10     | Found a staircase to the Lair.
 14402 | D:10     | Reached skill level 11 in Stealth
 14955 | D:10     | Noticed Urug
 15003 | D:10     | Killed Urug
 15186 | D:10     | Noticed Erica
 15418 | D:10     | Killed Erica
 15418 | D:10     | Reached XP level 11. HP: 56/56 MP: 16/21
 15619 | D:10     | Noticed Maurice
 15970 | D:10     | Killed Maurice
 16254 | D:10     | Reached skill level 10 in Hexes
 16456 | D:10     | Reached skill level 12 in Stealth
 16529 | D:10     | Noticed a hill giant
 16641 | D:10     | Killed a hill giant
 16678 | D:11     | Noticed an unseen horror
 16690 | D:11     | Killed an unseen horror
 16752 | D:11     | Reached **** piety under Dithmenos
 16757 | D:11     | Noticed a hill giant
 16767 | D:11     | Killed a hill giant
 16814 | D:11     | Got a slimy brass ring
 16816 | D:11     | Identified the ring "Ruthagho" {Fire Dex+4} (You found it on level 11 of the Dungeon)
 17255 | D:11     | Noticed brucemayne's ghost (novice HOBe)
 17271 | D:11     | Killed brucemayne's ghost
 17396 | D:11     | Reached skill level 13 in Stealth
 17721 | D:11     | Reached skill level 10 in Dodging
 18230 | D:12     | Noticed a centaur warrior
 18237 | D:12     | Killed a centaur warrior
 18336 | D:12     | Noticed a hill giant
 18402 | D:12     | Reached XP level 12. HP: 44/65 MP: 22/22
 18684 | D:12     | Noticed a hill giant
 18684 | D:12     | Noticed a skeletal warrior
 18730 | D:12     | Noticed a skeletal warrior
 18730 | D:12     | Noticed a skeletal warrior
 19345 | D:12     | Killed a hill giant
 19774 | D:12     | Noticed Kirke
 19798 | D:12     | Found a staircase to the Orcish Mines.
 19866 | D:12     | Killed a skeletal warrior
 19906 | D:12     | Noticed a skeletal warrior
 19923 | D:12     | Killed a skeletal warrior
 20692 | D:12     | Upgraded the game from 0.17-a0-2109-g117576f to 0.17-a0-2118-g63bad21
 20734 | D:13     | Found a runed door.
 20929 | D:13     | Found Qonoheir's Armour Emporium.
 20929 | D:13     | Noticed a tengu reaver
 20935 | D:13     | Killed a tengu reaver
 20935 | D:13     | Reached skill level 14 in Stealth
 20944 | D:13     | Got a sparkling tin ring
 21033 | D:13     | Reached skill level 10 in Fighting
 21162 | D:10     | Reached ***** piety under Dithmenos
 21247 | Lair:1   | Entered Level 1 of the Lair of Beasts
 21600 | Lair:1   | Identified the ring "Relagopa" {SustAt rElec Dex+3} (You found it on level 13 of the Dungeon)
 21868 | Lair:1   | Reached XP level 13. HP: 67/72 MP: 19/24
 22370 | Lair:2   | Found a frozen archway.
 22682 | IceCv    | Entered an ice cave
 23437 | Lair:3   | Found a staircase to the Shoals.
 23724 | Lair:3   | Noticed wvc's ghost (journeyman TrMo)
 24117 | Lair:3   | Killed wvc's ghost
 24117 | Lair:3   | Reached skill level 15 in Stealth
 24363 | Lair:3   | Reached XP level 14. HP: 77/79 MP: 25/25
 24656 | Lair:4   | Reached skill level 16 in Stealth
 24905 | Lair:4   | Learned a level 2 spell: Slow
 24910 | Lair:4   | Learned a level 4 spell: Cause Fear
 24915 | Lair:4   | Learned a level 4 spell: Leda's Liquefaction
 25178 | Lair:4   | Noticed Harold
 25215 | Lair:4   | Killed Harold
 25374 | Lair:4   | Learned a level 3 spell: Gell's Gravitas
 25863 | Lair:5   | Reached ****** piety under Dithmenos
 25883 | Lair:5   | Noticed Duffy's ghost (journeyman HOFE)
 26082 | Lair:5   | Killed Duffy's ghost
 27303 | Lair:6   | Found a viscous altar of Jiyva.
 27303 | Lair:6   | Found a staircase to the Slime Pits.
 27690 | Lair:6   | Found a hole to the Spider Nest.
 27802 | Lair:6   | Reached XP level 15. HP: 84/84 MP: 27/27
 28912 | Lair:7   | Reached skill level 17 in Stealth
 29894 | Lair:8   | Entered Level 8 of the Lair of Beasts
 30011 | Lair:8   | Reached skill level 15 in Dodging
 30362 | Lair:8   | Reached skill level 18 in Stealth
 30433 | Lair:8   | HP: 3/85 [ice statue] (9)]
 32133 | D:12     | Killed a skeletal warrior
 32167 | D:12     | Killed Kirke
 32231 | Orc:1    | Entered Level 1 of the Orcish Mines
 32231 | Orc:1    | Noticed Snorg
 32259 | Orc:1    | Killed Snorg
 32862 | Orc:1    | You fall through a shaft!
 33225 | Orc:3    | Found a roughly hewn altar of Beogh.
 33310 | Orc:1    | Noticed Gastronok
 33317 | Orc:1    | Killed Gastronok
 34369 | Orc:2    | Noticed Fannar
 34371 | Orc:2    | Killed Fannar
 34519 | Orc:4    | Entered Level 4 of the Orcish Mines
 34521 | Orc:4    | Found a staircase to the Elven Halls.
 34571 | Orc:4    | Found Hekatoqa's Armour Boutique.
 34571 | Orc:4    | Found Yzabov's Distillery.
 34597 | Orc:3    | Reached skill level 19 in Stealth
 34890 | Orc:4    | Reached XP level 16. HP: 91/91 MP: 23/29
 35241 | Orc:3    | Killed from afar by an ogre mage

Vault maps used:
D:1:      dpeg_arrival_orchard, minmay_door_square, st_stairs_4,
          minmay_shallow_snake_nest
D:2:      bloody_makhleb, first_bread
D:3:      fedhas_altar_4, corexii_hall_statues_deadend, uniq_robin, uniq_iyjb,
          uniq_natasha
D:4:      elyvilon_altar_5, nicolae_overflow_hidden_temple, serial_shops,
          kennysheep_mini_moat, columned_hall_lemuel, uniq_edmund
D:5:      minmay_temple_entry_butterflies, serial_shops, shop, uniq_pikel
D:6:      kennysheep_mini, kennysheep_generic_room_7, uniq_blork_the_orc
D:7:      lemuel_ice_spiral_2, evilmike_ruin_ashenzari, basic_altar, the_bakery
D:8:      lemuel_round_altar, kennysheep_generic_room_8
D:9:      minmay_weird_star, nicolae_overflow_crystal_walls
D:10:     dpeg_lair_monsters, uniq_urug, uniq_erica, uniq_maurice
D:12:     minmay_orc_entry_guard_dogs, uniq_kirke
D:13:     serial_shops, shop, special_room, kennysheep_treasure_room
Temple:   triangle_lava_temple_11
Lair:2:   portal_ice_cave_entry_imps, lab_entry_generic,
          infiniplex_staircase_pool_2
Lair:3:   shoals_dummy_entry
Lair:4:   serial_bayou_shore_a, uniq_harold
Lair:5:   roderic_batcave, minmay_stone_trees_medium
Lair:6:   nicolae_spider_entry_non_spiders, slime_altar_1,
          eino_house_with_fridge, grunt_megastairs_4
Lair:8:   grunt_lair_end_beastmaster, enter_volcano_3, ice2_lemuel
Orc:1:    nicolae_orc_tapped_out, uniq_snorg, uniq_gastronok
Orc:2:    uniq_fannar, uniq_rupert
Orc:3:    serial_shops, shop, basic_altar, nicolae_orc_pool_cavern
Orc:4:    st_orc_open, serial_shops, shop, minmay_orc_barracks
IceCv:    ice_cave_small_giant

Action                   |  1- 3 |  4- 6 |  7- 9 | 10-12 | 13-15 | 16-18 || total
-------------------------+-------+-------+-------+-------+-------+-------++-------
Melee: Dagger            |   147 |   146 |   292 |   867 |  1177 |    82 ||  2711
 Fire: Blowgun           |       |       |    32 |    23 |    21 |       ||    76
Throw: Stone             |    41 |    20 |    23 |     9 |    20 |     6 ||   119
 Cast: Corona            |    11 |    13 |    12 |    16 |     1 |       ||    53
       Ensorcelled Hiber |     4 |    18 |    17 |    63 |   181 |    22 ||   305
       Confuse           |     1 |    20 |    27 |    95 |   117 |     1 ||   261
       Tukima's Dance    |       |       |     4 |     5 |    10 |     3 ||    22
       Dazzling Spray    |       |       |       |    11 |    25 |       ||    36
       Cause Fear        |       |       |       |       |     4 |       ||     4
       Slow              |       |       |       |       |     3 |     2 ||     5
       Leda's Liquefacti |       |       |       |       |     2 |       ||     2
       Gell's Gravitas   |       |       |       |       |     1 |       ||     1
Invok: Shadow Step       |       |       |       |       |     8 |       ||     8
Evoke: Wand              |       |     1 |     1 |    15 |     3 |       ||    20
       Stone of tremors  |       |       |       |     1 |       |       ||     1
  Use: Potion            |     2 |       |     1 |     4 |     7 |       ||    14
       Scroll            |     1 |     3 |    12 |    11 |    19 |       ||    46
 Stab: Sleeping          |     9 |     9 |    38 |    78 |   230 |    12 ||   376
       Distracted        |     1 |     1 |     3 |     7 |     5 |       ||    17
       Confused          |     2 |     7 |    11 |    38 |    66 |       ||   124
       Invisible         |       |       |       |     2 |    10 |       ||    12
       Fleeing           |       |       |       |       |     2 |       ||     2
  Eat: Fruit             |       |     2 |       |     3 |       |       ||     5
       Bread ration      |       |     1 |     2 |     2 |     2 |       ||     7
       Pizza             |       |     1 |       |       |     6 |       ||     7
       Royal jelly       |       |       |       |       |     2 |       ||     2
